 Dungeon Crawl Stone Soup version 0.25-a0-860-gf695395b5c (webtiles) character file.

Game seed: 12915306727655102209, levelgen mode: classic

4434 EnegeticOcto the Cleaver (level 10, 98/98 HPs)
             Began as a Deep Dwarf Fighter on Apr 28, 2020.
             Quit the game on level 8 of the Dungeon.
             The game lasted 00:04:22 (4621 turns).

EnegeticOcto the Cleaver (Deep Dwarf Fighter)       Turns: 4621, Time: 00:04:22

Health: 98/98      AC: 18    Str: 23    XL:     10   Next: 14%
Magic:  0/2        EV:  3    Int:  9    God:
Gold:   513        SH: 16    Dex: 12    Spells: 9/9 levels left

rFire    + . .     SeeInvis +   a - +0 war axe
rCold    . . .     Gourm    .   u - +0 tower shield
rNeg     . . .     Faith    .   o - +0 plate armour
rPois    .         Spirit   +   (no helmet)
rElec    .         Reflect  .   t - +2 cloak
rCorr    .         Harm     .   (no gloves)
MR       +....                  q - +0 pair of boots
Stlth    ..........             G - amulet of guardian spirit
HPRegen  0.00/turn              H - ring of protection from fire
MPRegen  0.08/turn              s - ring of see invisible

@: non-regenerating
A: damage resistance, heal wounds, sense surroundings 2, no regeneration
a: Heal Wounds


You were on level 8 of the Dungeon.
You were not hungry.

You visited 2 branches of the dungeon, and saw 9 of its levels.

You collected 513 gold pieces.

Inventory:

Hand Weapons
 a - a +0 war axe (weapon)
Missiles
 f - 3 throwing nets (quivered)
Armour
 c - a +0 kite shield
 o - a +0 plate armour (worn)
 q - a +0 pair of boots (worn)
 t - a +2 cloak (worn)
 u - a +0 tower shield (worn)
Jewellery
 s - a ring of see invisible (right hand)
 z - an uncursed ring of resist corrosion
 D - an uncursed ring of protection from cold
 G - an amulet of guardian spirit (around neck)
 H - a ring of protection from fire (left hand)
Wands
 x - a wand of digging (1) {@v2}
 A - a wand of flame (56) {@v3}
 B - a wand of clouds (5)
 C - a wand of polymorph (14)
Scrolls
 b - 3 scrolls of fog
 i - 4 scrolls of remove curse {@r6}
 l - 7 scrolls of teleportation {@r2}
 w - 2 scrolls of magic mapping {@r5}
 y - 3 scrolls of identify {@r1}
 F - a scroll of enchant armour
 I - a scroll of fear
Potions
 d - a potion of magic
 g - 3 potions of brilliance
 h - 3 potions of lignification {@q7}
 j - 3 potions of stabbing {@q5}
 k - a potion of might {@q3}
 m - 2 potions of flight
 n - a potion of haste {@q4}
 p - 3 potions of mutation
 r - a potion of heal wounds {@q2}
 v - 3 potions of curing {unknown}
 E - 2 potions of cancellation {unknown}
Comestibles
 e - 12 rations
 J - a chunk of flesh


   Skills:
 * Level 8.4 Fighting
 * Level 9.7 Axes
 + Level 7.3 Armour
 + Level 7.4 Shields


You had 9 spell levels left.
You didn't know any spells.
Your spell library was empty.

Dungeon Overview and Level Annotations

Branches:
Dungeon (8/15)             Temple (1/1) D:7            Lair (0/6) D:8

Altars:
Ashenzari
Cheibriados
Dithmenos
Elyvilon
Fedhas
Gozag
Hepliaklqana
Nemelex Xobeh
Okawaru
Qazlal
Ru
Sif Muna
Trog
Uskayaw
Vehumet
Wu Jian
Xom
Yredelemnul
Zin
The Shining One


Innate Abilities, Weirdness & Mutations

You are resistant to damage.
You can heal yourself by infusing magical energy.
You passively map the area around you.
You do not regenerate.


Message History

You now have 409 gold pieces (gained 10).
Found 8 arrows.
You now have 426 gold pieces (gained 17).
You are no longer poisoned.
Found a leather armour.
There is an escape hatch in the ceiling here.
Eating one of 2 chunks of flesh.
You eat one of the 2 chunks of flesh.
This raw flesh tastes terrible.
You now have 445 gold pieces (gained 19).
You now have 463 gold pieces (gained 18).
You now have 480 gold pieces (gained 17).
You now have 497 gold pieces (gained 17).
i - 4 scrolls of remove curse {@r6} (gained 1)
p - 3 potions of mutation (gained 1)
An adder comes into view.
An adder is nearby!
Your shield and plate armour prevent you from hitting the adder.
You block the adder's attack. x2
You miss the adder. You block the adder's attack.
You closely miss the adder. You block the adder's attack.
All of the chunks of flesh in your inventory have rotted away.
You slash the adder!
The adder is severely wounded.
You block the adder's attack. The adder bites you but does no damage.
Your shield and plate armour prevent you from hitting the adder.
The adder is heavily wounded.
You block the adder's attack.
You slash the adder!
You kill the adder!
No target in view!
No target in view!
No target in view!
No target in view!
No target in view!
No target in view!
No target in view!
No target in view!
No target in view!
You butcher the adder corpse.
J - a chunk of flesh You see here an adder skeleton. x2
C - a wand of polymorph (14) (gained 8 charges)
You see here a dagger.
Found a short sword and a potion of degeneration.
You now have 513 gold pieces (gained 16).
A quokka zombie comes into view.
A quokka zombie is nearby!
A quokka zombie is nearby!
A quokka zombie is nearby!
A quokka zombie is nearby!
You see here a wand of random effects (17).
You slash the quokka zombie!
You destroy the quokka zombie!
No target in view!
No target in view!
No target in view!
No target in view!
No target in view!
No target in view!
No target in view!
No target in view!
No target in view!
No target in view!
No target in view!
No target in view!
You see here a wand of random effects (17).
You see here a potion of degeneration.
Found a stone staircase leading down.
You see here a short sword.
Found a scale mail.
Found a runed mace.
Found a chain mail.
You see here a scale mail.
You see here a runed mace.
You see here a chain mail.
There is a stone staircase leading down here.
y - 3 scrolls of identify {@r1} (gained 1)
There is a stone staircase leading up here.
Done exploring.
No target in view!
Done exploring.
Done exploring.
Done exploring.
Done exploring.
No target in view!
No target in view!
No target in view!
No target in view!
No target in view!
No target in view!
No target in view!
No target in view!
No target in view!
No target in view!
No target in view!
No target in view!
Done exploring.
Done exploring.
Done exploring.
Are you sure you want to abandon this character and quit the game? (Confirm with "yes".)

#.# ##.
#########.# #.
#.........####.
#..............
#....#########.
####.#.## #.
##.#....# #.
#....#..# #.
##@#...## #.
#.##.## #. #.##.#
#. #.##.##### #.
#........########.
######............
#.#.########.
#.#.# #. #.#.####
#.


There were no monsters in sight!

Vanquished Creatures
  Harold (D:7)
  Pikel (D:6)
  Maurice (D:8)
  Joseph (D:7)
  Prince Ribbit (D:5)
  Grinder (D:6)
  Menkaure (D:6)
  An orc warrior (D:4)
  A slave (D:6)
  An ice beast (D:7)
  A black bear (D:7)
  3 ogres
  3 centaurs
  2 bullfrogs
  4 gnoll sergeants (D:5)
  A crimson imp (D:6)
  2 orc priests
  A gnoll shaman (D:5)
  6 hounds
  2 bullfrog skeletons
  A centaur skeleton (D:4)
  2 iguanas
  3 orc wizards
  3 worker ants
  A hound skeleton (D:6)
  A howler monkey zombie (D:3)
  10 gnolls (D:5)
  9 adders
  2 shadow imps (D:5)
  An ooze (D:2)
  2 adder zombies
  An adder skeleton (D:7)
  3 worms
  3 leopard geckos
  17 orcs
  7 bats
  5 giant cockroaches
  2 goblins (D:2)
  7 hobgoblins
  12 jackals
  4 quokkas
  A ball python (D:4)
  2 frilled lizards (D:2)
  5 kobolds
  A quokka zombie (D:8)
  11 rats
  A spectral orc (D:2)
152 creatures vanquished.

Notes
Turn   | Place    | Note
-------+----------+-------------------------------------------
     0 | D:1      | EnegeticOcto the Deep Dwarf Fighter began the quest for the
                  | Orb.
     0 | D:1      | Reached XP level 1. HP: 20/20 MP: 1/1
    99 | D:2      | Reached XP level 2. HP: 25/27 MP: 2/2
   143 | D:2      | Reached XP level 3. HP: 27/34 MP: 3/3
   178 | D:2      | Reached skill level 3 in Axes
   321 | D:4      | Reached XP level 4. HP: 22/42 MP: 4/4
   407 | D:4      | Noticed an orc warrior
   433 | D:4      | Killed an orc warrior
   433 | D:4      | Reached skill level 4 in Axes
   433 | D:4      | Reached XP level 5. HP: 47/50 MP: 4/4
   533 | D:4      | Reached XP level 6. HP: 34/57 MP: 5/5
   847 | D:5      | Entered Level 5 of the Dungeon
   972 | D:5      | Reached skill level 5 in Axes
  1006 | D:5      | Reached XP level 7. HP: 55/66 MP: 5/5
  1026 | D:5      | Reached skill level 5 in Fighting
  1144 | D:5      | Reached skill level 5 in Armour
  1145 | D:5      | Reached skill level 5 in Shields
  1150 | D:5      | Reached skill level 6 in Axes
  1332 | D:5      | Reached XP level 8. HP: 54/75 MP: 6/6
  1337 | D:5      | Found a hazy altar of Hepliaklqana.
  1415 | D:5      | Noticed Prince Ribbit
  1454 | D:5      | Killed Prince Ribbit
  1576 | D:6      | Noticed Grinder
  1593 | D:6      | Killed Grinder
  1593 | D:6      | Reached skill level 7 in Axes
  1664 | D:6      | Noticed Pikel
  1680 | D:6      | Killed Pikel
  1680 | D:6      | Gained mutation: You passively map the area around you.
                  | [Deep Dwarf growth]
  1680 | D:6      | Reached XP level 9. HP: 51/85 MP: 6/6
  1733 | D:6      | Reached skill level 8 in Axes
  1739 | D:6      | Found a white marble altar of Elyvilon.
  1900 | D:6      | Noticed Menkaure
  1921 | D:6      | Killed Menkaure
  2087 | D:6      | Found a bloodstained altar of Trog.
  2207 | D:7      | Noticed Harold
  2242 | D:7      | Killed Harold
  2242 | D:7      | Reached skill level 9 in Axes
  2487 | D:7      | Noticed Joseph
  2510 | D:7      | Killed Joseph
  2569 | D:7      | Reached XP level 10. HP: 53/96 MP: 4/4
  2671 | D:7      | Found a staircase to the Ecumenical Temple.
  2690 | Temple   | Entered the Ecumenical Temple
  3091 | D:3      | Found a hide-covered altar of Uskayaw.
  3091 | D:3      | Found a sacrificial altar of Ru.
  3251 | D:3      | Found a shadowy altar of Dithmenos.
  3719 | D:2      | Found a basalt altar of Yredelemnul.
  4155 | D:8      | Found a staircase to the Lair.
  4190 | D:8      | Noticed Maurice
  4202 | D:8      | Found an ornate altar of the Wu Jian Council.
  4206 | D:8      | Killed Maurice
  4621 | D:8      | Quit the game

Levels and vault maps discovered:
D:1:      dpeg_arrival_more_subterranean_lakeside_camping, layout_loops_ring
D:2:      layout_rooms, yredelemnul_forgotten_temple_becter, minivault_4,
          serial_bayou_ford_a, minmay_small_reverse_x
D:3:      layout_basic, chequers_temple_overflow_statue_of_worship,
          grunt_dithmenos_smoke_and_mirrors
D:4:      layout_basic, palyth_stone_intersect, guppyfry_early_orc_mine
D:5:      layout_cave_pools, marbit_many_paths, serial_gnoll_camp,
          gnoll_camp_mini_house, gnoll_camp_mini_hut, gnoll_camp_mini_hut,
          gnoll_camp_huts_basic, first_ration, uniq_prince_ribbit1
D:6:      layout_loops_ring, lightli_temple_of_fire, old_standard_altar,
          uniq_grinder, uniq_menkaure, uniq_pikel
D:7:      layout_loops_ring, minmay_temple_entry_proselytizer, uniq_harold,
          uniq_joseph
D:8:      layout_loops_ring, lemuel_crystal_altar, lair_entry_dummy,
          uniq_maurice
Temple:   nicolae_temple_hex_pool

Skill      XL: |  1  2  3  4  5  6  7  8  9 |
---------------+----------------------------+-----
Fighting       | 3 4 5 6 8 |  8.4
Axes           | 3 4 5 6 7 9 |  9.7
Armour         | 4 5 6 7 |  7.3
Shields        | 4 5 6 7 |  7.4

Action                   |  1- 3 |  4- 6 |  7- 9 | 10-12 || total
-------------------------+-------+-------+-------+-------++-------
Melee: War axe           |    87 |    88 |   336 |   153 ||   664
 Abil: Heal Wounds       |       |     6 |    18 |     4 ||    28
  Use: Scroll            |       |     8 |     4 |     4 ||    16
  Eat: Chunk             |       |     1 |     6 |     6 ||    13
Armor: Scale mail        |    43 |     8 |       |       ||    51
       Plate armour      |       |    61 |   143 |    45 ||   249
Dodge: Dodged            |    37 |    27 |    39 |     6 ||   109
Block: Kite shield       |    39 |    73 |    77 |       ||   189
       Tower shield      |       |       |   158 |   105 ||   263

Table legend:
 A = Non-vault XP
 B = Vault XP
 C = Vault XP percentage of total XP
 D = Non-vault monster count
 E = Vault monster count
 F = Vault count percentage of total count
                 A         B        C        D         E       F
            +---------+---------+-------+---------+---------+-------
      Total |    1901 |    4434 |  70.0 |     110 |      41 |  27.2
            +---------+---------+-------+---------+---------+-------
        D:1 |       4 |       0 |   0.0 |       3 |       0 |   0.0
        D:2 |      90 |      11 |  10.9 |      26 |       5 |  16.1
        D:3 |      89 |       0 |   0.0 |      27 |       0 |   0.0
        D:4 |     197 |     223 |  53.1 |      15 |       7 |  31.8
        D:5 |     419 |    1083 |  72.1 |      13 |      22 |  62.9
        D:6 |     459 |    1107 |  70.7 |       9 |       3 |  25.0
        D:7 |     528 |    1541 |  74.5 |      12 |       3 |  20.0
        D:8 |     115 |     469 |  80.3 |       5 |       1 |  16.7
            +---------+---------+-------+---------+---------+-------
